AoeStats
← | ArCas | Toruk Makto

Oasis

509782749Analyzed
4v4 RM · 3d ago on Sep 28, 2026· 24m 16s· 8 players
Game mode
Random Map
Map size
Large (8 player)
Population
200
Speed
Normal
Resources
Standard
Victory
Conquest
Starting age
Dark Age
Ending age
Imperial Age
RankedLock teamsTeams togetherTeam positionsShared explorationLock speedFull tech treeHidden civsTurbo modeCheats
Victory
Defeat
🇲🇽 Portuguese · Mexico
1370
+16
🇪🇨 Persians · Ecuador
1364
+16
🇦🇷 Berbers · Argentina
1362
+16
🇨🇦 Mongols · Canada
1357
+16
🇦🇹 Tatars · Austria
1419
-18
🇩🇪 Britons · Germany
1378
-17
🇦🇷 Saxons · Argentina
1349
-15
🇧🇷 Saxons · Brazil
1320
-14
EigenVector
8:49 Feudal Age
9:22 Loom
11:13 Double-Bit Axe
12:21 Bloodlines
16:58 Forging
18:44 Scale Barding Armor
21:38 Castle Age
20:17 Fletching
21:44 Padded Archer Armor
21:47 Stone Mining
23:11 Husbandry
22:36 Light Cavalry
23:15 Bodkin Arrow
24:56 Wheelbarrow
24:54 Chain Barding Armor
Leobossy
4:16 Loom
| ArCas | Toruk Makto
7:13 Loom
9:34 Feudal Age
10:11 Double-Bit Axe
10:50 Horse Collar
20:35 Castle Age
19:09 Bloodlines
19:48 Fletching
20:08 Forging
20:10 Scale Barding Armor
20:41 Light Cavalry
21:21 Gold Mining
23:32 Chain Barding Armor
Kanon
5:19 Loom
9:45 Feudal Age
16:03 Castle Age
14:49 Double-Bit Axe
15:26 Horse Collar
Haider_435
6:20 Loom
8:32 Feudal Age
12:30 Fletching
24:19 Castle Age
IRON MIKE
8:58 Feudal Age
10:34 Double-Bit Axe
14:16 Bloodlines
16:12 Loom
18:18 Forging
21:04 Scale Barding Armor
ZePablo
5:15 Loom
8:54 Feudal Age
23:04 Castle Age
francoollearo
8:12 Loom
10:57 Feudal Age
14:45 Castle Age
18:07 Double-Bit Axe
22:16 Forging
22:07 Scale Mail Armor
22:12 Squires
21:58 Gambesons
22:45 Horse Collar
Connection lost

Rejoining the realm…

Still unreachable

The connection could not be restored.

Session expired

The server has moved on; the page needs a fresh start.